Map: Whispers of Gold

Players

WeAreLegion

  • Race: Terran Terran
  • League: Silver
  • Spawn Location: 9:00

dudeman - Winner!

  • Race: Protoss Protoss
  • League: Gold
  • Spawn Location: 5:00

VOD

Have the link to the VOD?

Description

Time

  • Played on: Dec. 12, 2024, 10:42 p.m.
  • Length: 11:10
Show
View Real Time Build Order
Export as new Build Order

WeAreLegion Terran 

Build Orders: Reaper Expand 

Get SALT Encoding   

  12  0:00  SCV  
  13  0:12  SCV  
  14  0:20  Supply Depot  
  14  0:27  SCV  
  15  0:42  SCV  
  16  0:47  Barracks  
  16  0:50  Refinery  
  16  0:54  SCV  
  17  1:06  SCV  
  18  1:28  SCV  
  19  1:49  Reaper  
  19  1:52  Orbital Command  
  20  1:58  Command Center  
  20  2:16  Supply Depot  
  20  2:19  SCV, Factory  
  21  2:32  SCV  
  21  2:33  Marine  
  23  2:40  Refinery  
  23  2:44  SCV  
  24  2:56  SCV  
  25  3:05  Barracks Reactor  
  25  3:08  SCV  
  26  3:19  SCV  
  26  3:26  Hellion  
  28  3:27  Starport  
  28  3:33  SCV  
  29  3:39  Orbital Command  
  29  3:42  Marine  
  29  3:43  Marine  
  29  3:45  SCV  
  34  3:48  Widow Mine  
  34  3:58  Barracks  
  34  4:00  Marine  
  34  4:01  Marine  
  36  4:02  Barracks  
  36  4:05  Medivac  
  40  4:10  SCV, Widow Mine  
  40  4:11  SCV  
  42  4:18  Marine  
  42  4:22  SCV  
  42  4:23  SCV  
  45  4:30  Supply Depot  
  45  4:32  Marine  
  45  4:35  Supply Depot  
  46  4:40  Refinery  
  46  4:41  SCV  
  46  4:45  SCV  
  46  4:50  Viking  
  45  4:53  SCV  
  44  5:04  Widow Mine  
  46  5:08  SCV x2  
  46  5:09  Marine x2  
  46  5:11  Barracks Tech Lab  
  50  5:14  Barracks Tech Lab  
  50  5:20  SCV x2  
  50  5:21  Engineering Bay  
  52  5:29  Command Center  
  52  5:32  SCV x2  
  52  5:34  Stimpack  
  54  5:37  Factory Tech Lab  
  54  5:44  SCV  
  55  5:50  Supply Depot  
  55  5:54  SCV, Marine x4  
  55  5:56  SCV  
  61  5:57  Starport Tech Lab  
  61  6:05  Barracks  
  61  6:06  SCV  
  61  6:08  Terran Infantry Weapons Level 1, Barracks  
  62  6:14  Supply Depot  
  62  6:15  Missile Turret  
  62  6:21  Supply Depot, SCV x2  
  62  6:22  Missile Turret  
  62  6:23  Marine  
  65  6:26  Raven  
  67  6:33  SCV  
  67  6:38  Marine x3  
  71  6:54  SCV x2  
  71  6:56  Marauder  
  71  6:57  Marauder  
  77  7:06  SCV x2  
  79  7:15  Supply Depot, Marine x2  
  79  7:16  Supply Depot  
  79  7:17  Marine x2  
  79  7:18  Barracks Tech Lab, SCV, Barracks Reactor  
  79  7:19  SCV, Siege Tank  
  82  7:31  SCV x2  
  82  7:33  Marine x2  
  82  7:36  Marauder x2  
  90  7:37  Starport Reactor  
  90  7:43  SCV, Barracks  
  91  7:49  SCV  
  93  7:52  Orbital Command  
  93  7:55  SCV  
  93  7:57  Marauder x2  
  99  8:01  SCV  
  98  8:08  Combat Shield  
  98  8:18  Marine, Marauder  
  101  8:20  Refinery  
  101  8:22  SCV x2  
  101  8:23  SCV, Refinery  
  101  8:24  Marine x2  
  101  8:25  Medivac  
  108  8:34  SCV x2  
  108  8:35  SCV  
  108  8:36  Marauder  
  108  8:40  Marauder  
  115  8:41  Marine  
  115  8:42  Marine  
  115  8:46  SCV  
  116  8:50  SCV  
  117  9:02  SCV, Marauder  
  117  9:03  SCV, Marine  
  117  9:04  Marine x2  
  117  9:05  Marauder  
  106  9:20  SCV  
  106  9:22  Marauder  
  101  9:24  Marauder  
  101  9:26  Marauder  
  60  9:45  Marauder  
  54  9:48  Marauder  
  50  9:58  Marine x3  
  40  10:00  Marine x2  
  40  10:01  Marine  
  40  10:06  Marine  
  41  10:09  Marauder  
  43  10:16  Marauder  
  43  10:18  Marine  
  43  10:19  Marine  
  46  10:21  Orbital Command  
  46  10:24  Marauder  
  48  10:31  Marauder  
  42  10:36  Marine  
  24  10:50  Marine  
  24  10:51  Marine  
Show
View Real Time Build Order
Export as new Build Order

dudeman Protoss - Winner!

Build Orders:  

Get SALT Encoding   

  12  0:00  Probe  
  13  0:12  Probe  
  14  0:19  Pylon  
  14  0:24  Probe  
  15  0:36  Probe  
  16  0:43  Gateway  
  16  0:44  Probe  
  17  0:52  Probe  
  17  0:55  Assimilator  
  18  1:13  Probe  
  19  1:25  Probe  
  20  1:33  Cybernetics Core  
  20  1:38  Probe  
  21  1:45  Pylon  
  21  1:51  Probe  
  22  2:03  Probe  
  22  2:06  Nexus  
  23  2:12  Warp Gate  
  23  2:14  Probe  
  23  2:19  Adept  
  26  2:24  Probe  
  27  2:30  Assimilator  
  27  2:41  Robotics Facility  
  27  2:45  Gateway  
  27  2:51  Shield Battery  
  27  2:54  Adept  
  29  3:15  Probe  
  30  3:24  Probe  
  30  3:25  Probe  
  31  3:27  Observer  
  31  3:31  Adept  
  31  3:33  Probe  
  35  3:37  Probe  
  35  3:38  Adept  
  35  3:41  Immortal  
  39  3:45  Probe  
  44  3:50  Pylon, Probe  
  45  4:05  Stalker  
  45  4:07  Probe  
  45  4:08  Probe  
  45  4:09  Pylon  
  49  4:18  Twilight Council  
  49  4:19  Probe  
  49  4:22  Pylon  
  50  4:27  Stalker  
  50  5:02  Stalker  
  50  5:03  Stalker  
  54  5:07  Charge  
  54  5:14  Gateway  
  54  5:16  Gateway  
  54  5:26  Zealot x2  
  58  5:39  Robotics Bay  
  58  5:40  Probe  
  58  5:41  Probe  
  60  5:42  Nexus  
  60  5:45  Assimilator, Pylon  
  60  5:48  Assimilator, Probe  
  60  5:51  Zealot x2  
  60  5:53  Probe  
  60  5:56  Probe  
  67  6:05  Probe  
  67  6:08  Probe  
  69  6:11  Shield Battery  
  69  6:14  Zealot x4  
  69  6:16  Shield Battery  
  69  6:17  Probe  
  78  6:27  Extended Thermal Lance  
  78  6:28  Pylon  
  78  6:40  Pylon  
  78  6:42  Colossus  
  78  6:46  Probe x2  
  79  6:56  Stalker x3  
  79  6:58  Probe  
  79  7:00  Probe  
  86  7:18  Forge  
  86  7:22  Forge  
  86  7:23  Colossus  
  86  7:25  Probe  
  86  7:27  Probe x2  
  89  7:30  Protoss Ground Weapons Level 1  
  89  7:32  Zealot  
  89  7:34  Zealot  
  99  7:38  Probe  
  99  7:39  Probe  
  99  7:42  Probe  
  102  7:52  Pylon  
  102  7:54  Stalker  
  104  8:01  Protoss Ground Armor Level 1  
  104  8:10  Probe  
  105  8:13  Warp Prism  
  105  8:14  Probe  
  108  8:20  Zealot x2  
  108  8:21  Zealot  
  108  8:22  Assimilator  
  115  8:27  Probe x2  
  115  8:32  Pylon  
  116  8:37  Gateway  
  116  8:43  Pylon, Probe  
  117  8:50  Probe x2  
  117  9:12  Stalker x4  
  99  9:41  Stalker x5  
  104  10:07  Probe  
  104  10:08  Probe x2  
  104  10:12  Zealot x4  
  104  10:13  Zealot  
  117  10:17  Warp Prism  
  117  10:20  Probe  
  92  10:55  Stalker x4  
  92  10:56  Stalker  
Tags
 
Matchup
PvT
Replay Pack
December
Spawn Locations
Cross Positions
Add a new tag
Caveats
  • Supply blocks, unpowered buildings, or Contaminate may cause inaccurate times.
  • Supply counts are checked every 10 seconds.